| TOP OF THE 1ST |
|
St. Louis Cardinals batting - Pitching for New York Yankees : RHP Brian Moehler
|
|
Pitching: RHP Brian Moehler
|
|
|
Batting: LHB Steve Finley
|
0-0: Ball 1-0: Called Strike 1-1: Ball 2-1: Ball 3-1: Called Strike 3-2: SOLO HOME RUN (Line Drive, 89XD, EV 95.0 MPH), Distance : 411 ft
|
|
Batting: RHB Jay Bell
|
0-0: Foul Ball, location: 2F 0-1: Foul Ball, location: 2F 0-2: Foul Ball, location: 2F 0-2: Fly out, F9 (Flyball, 9D, EV 89.4 MPH)
|
|
Batting: LHB Brian S Giles
|
0-0: Called Strike 0-1: Foul Ball, location: 2F 0-2: Ball 1-2: Fly out, F8 (Line Drive, 8RD, EV 98.8 MPH)
|
|
Batting: RHB Ivan Calderon
|
0-0: Ball 1-0: Ball 2-0: Called Strike 2-1: Called Strike 2-2: Ball 3-2: Base on Balls
|
|
Batting: LHB Karim Garcia
|
0-0: Ball 1-0: Ground out 4-3 (Groundball, 4, EV 85.6 MPH)
|
| Top of the 1st over - 1 run, 1 hit, 0 errors, 1 left on base; St. Louis 1 - New York 0 |
| BOTTOM OF THE 1ST |
|
New York Yankees batting - Pitching for St. Louis Cardinals : RHP Scott Erickson
|
|
Pitching: RHP Scott Erickson
|
|
|
Batting: RHB Orlando Cabrera
|
0-0: Called Strike 0-1: SINGLE (Groundball, 56D, EV 103.1 MPH)
|
|
Batting: LHB Bobby Abreu
|
0-0: Called Strike 0-1: Fly out, F8 (Flyball, 8RXD, EV 98.8 MPH)
|
|
Batting: RHB Mike Lieberthal
|
0-0: Ball 1-0: Ball 2-0: Swinging Strike 2-1: Foul Ball, location: 2F 2-2: Fielders Choice at 2nd, 1-6 (Groundball, 34S, EV 65.6 MPH)
|
|
Batting: RHB Kazuhiro Kiyohara
|
0-0: Called Strike 0-1: Ball 1-1: Called Strike 1-2: Strikes out looking
|
| Bottom of the 1st over - 0 runs, 1 hit, 0 errors, 1 left on base; St. Louis 1 - New York 0 |
| TOP OF THE 2ND |
|
St. Louis Cardinals batting - Pitching for New York Yankees : RHP Brian Moehler
|
|
Batting: RHB John Valentin
|
0-0: Swinging Strike 0-1: Called Strike 0-2: Strikes out swinging
|
|
Batting: SHB Stan Javier
|
0-0: Ball 1-0: Foul Ball, location: 2F 1-1: Swinging Strike 1-2: Ball 2-2: Ball 3-2: Strikes out looking
|
|
Batting: RHB Royce Clayton
|
0-0: Swinging Strike 0-1: SINGLE (Groundball, 6MD, EV 99.4 MPH)
|
|
Batting: RHB Damian Miller
|
0-0: Ball 1-0: Called Strike Royce Clayton is caught stealing 2nd base 2-4
|
| Top of the 2nd over - 0 runs, 1 hit, 0 errors, 0 left on base; St. Louis 1 - New York 0 |
| BOTTOM OF THE 2ND |
|
New York Yankees batting - Pitching for St. Louis Cardinals : RHP Scott Erickson
|
|
Batting: RHB Phil B. Clark
|
0-0: Ball 1-0: Called Strike 1-1: DOUBLE (Line Drive, 89D, EV 108.1 MPH)
|
|
Batting: SHB Quinton McCracken
|
0-0: Ball 1-0: Ball 2-0: Fly out, F5 (Popup, 56S, EV 82.5 MPH)
|
|
Batting: RHB Ryan Thompson
|
0-0: Ball 1-0: Called Strike 1-1: Ground out 4-3 (Groundball, 4, EV 89.4 MPH) Phil B. Clark to third
|
|
Batting: LHB Ed Giovanola
|
0-0: Fly out, F7 (Flyball, 7LMF, EV 105.6 MPH)
|
| Bottom of the 2nd over - 0 runs, 1 hit, 0 errors, 1 left on base; St. Louis 1 - New York 0 |
| TOP OF THE 3RD |
|
St. Louis Cardinals batting - Pitching for New York Yankees : RHP Brian Moehler
|
|
Batting: RHB Damian Miller
|
0-0: Swinging Strike 0-1: Ball 1-1: Swinging Strike 1-2: Ball 2-2: Strikes out swinging
|
|
Batting: LHB Steve Finley
|
0-0: Ball 1-0: Ball 2-0: Fly out, F8 (Line Drive, 8LD, EV 87.5 MPH)
|
|
Batting: RHB Jay Bell
|
0-0: Ball 1-0: Ground out 4-3 (Groundball, 4, EV 104.4 MPH)
|
| Top of the 3rd over - 0 runs, 0 hits, 0 errors, 0 left on base; St. Louis 1 - New York 0 |
| BOTTOM OF THE 3RD |
|
New York Yankees batting - Pitching for St. Louis Cardinals : RHP Scott Erickson
|
|
Batting: RHB Mike Gallego
|
0-0: Foul Ball, location: 2F 0-1: Ball 1-1: Ball 2-1: Ball 3-1: Base on Balls
|
|
Batting: RHB Orlando Cabrera
|
0-0: Ball 1-0: Ball 2-0: Bunted foul 2-1: Sac Bunt to 2R - play at first, batter OUT! 2-4 Mike Gallego to second
|
|
Batting: LHB Bobby Abreu
|
0-0: Ball 1-0: Called Strike 1-1: Ball 2-1: Fly out, F9 (Flyball, 9, EV 88.8 MPH)
|
|
Batting: RHB Mike Lieberthal
|
0-0: Ball 1-0: Foul Ball, location: 2F 1-1: DOUBLE (Line Drive, 78M, EV 104.4 MPH) Mike Gallego scores
|
|
Batting: RHB Kazuhiro Kiyohara
|
0-0: Fly out, F8 (Flyball, 89XD, EV 86.3 MPH)
|
| Bottom of the 3rd over - 1 run, 1 hit, 0 errors, 1 left on base; St. Louis 1 - New York 1 |
| TOP OF THE 4TH |
|
St. Louis Cardinals batting - Pitching for New York Yankees : RHP Brian Moehler
|
|
Batting: LHB Brian S Giles
|
0-0: Called Strike 0-1: Ball 1-1: Foul Ball, location: 2F 1-2: Ball 2-2: Ground out 1-3 (Groundball, 13, EV 88.1 MPH)
|
|
Batting: RHB Ivan Calderon
|
0-0: Ball 1-0: Foul Ball, location: 2F 1-1: Foul Ball, location: 2F 1-2: Ball 2-2: Ground out 1-3 (Groundball, 13, EV 62.5 MPH)
|
|
Batting: LHB Karim Garcia
|
0-0: Ball 1-0: Called Strike 1-1: Ball 2-1: Ball 3-1: Called Strike 3-2: TRIPLE (Line Drive, 78XD, EV 114.4 MPH)
|
|
Batting: RHB John Valentin
|
0-0: DOUBLE (Line Drive, 7LM, EV 103.1 MPH) Karim Garcia scores
|
|
Batting: SHB Stan Javier
|
0-0: Ball 1-0: Swinging Strike 1-1: Ball 2-1: Ball 3-1: Base on Balls
|
|
Batting: RHB Royce Clayton
|
0-0: Swinging Strike 0-1: Called Strike 0-2: Ball 1-2: Strikes out swinging
|
| Top of the 4th over - 1 run, 2 hits, 0 errors, 2 left on base; St. Louis 2 - New York 1 |
| BOTTOM OF THE 4TH |
|
New York Yankees batting - Pitching for St. Louis Cardinals : RHP Scott Erickson
|
|
Batting: RHB Phil B. Clark
|
0-0: Ball 1-0: Called Strike 1-1: Ball 2-1: Ball 3-1: Fly out, F8 (Flyball, 78XD, EV 106.9 MPH)
|
|
Batting: SHB Quinton McCracken
|
0-0: Ball 1-0: Swinging Strike 1-1: Ball 2-1: Fly out, F8 (Flyball, 8RXD, EV 95.6 MPH)
|
|
Batting: RHB Ryan Thompson
|
0-0: Called Strike 0-1: Foul Ball, location: 2F 0-2: Ball 1-2: DOUBLE (Line Drive, 9LD, EV 105.6 MPH)
|
|
Batting: LHB Ed Giovanola
|
0-0: Ball 1-0: Called Strike 1-1: Ball 2-1: Foul Ball, location: 2F 2-2: Strikes out swinging
|
| Bottom of the 4th over - 0 runs, 1 hit, 0 errors, 1 left on base; St. Louis 2 - New York 1 |
| TOP OF THE 5TH |
|
St. Louis Cardinals batting - Pitching for New York Yankees : RHP Brian Moehler
|
|
Batting: RHB Damian Miller
|
0-0: Fly out, F8 (Line Drive, 8RM, EV 108.8 MPH)
|
|
Batting: LHB Steve Finley
|
0-0: SINGLE (Flyball, 89S, EV 83.8 MPH)
|
|
Batting: RHB Jay Bell
|
0-0: Ball 1-0: Ball 2-0: Called Strike 2-1: Called Strike Steve Finley steals 2nd base 2-2: Strikes out looking
|
|
Batting: LHB Brian S Giles
|
0-0: Ball 1-0: Ball 2-0: Ball 3-0: Base on Balls
|
|
Batting: RHB Ivan Calderon
|
0-0: SINGLE (Line Drive, 34D, EV 100.6 MPH) Steve Finley to third Brian S Giles to second Runner from 3rd tries for Home, SAFE, throw by RF to home
|
|
Batting: LHB Karim Garcia
|
0-0: Ball 1-0: Fly out, F7 (Flyball, 7LSF, EV 95.0 MPH)
|
| Top of the 5th over - 1 run, 2 hits, 0 errors, 2 left on base; St. Louis 3 - New York 1 |
| BOTTOM OF THE 5TH |
|
New York Yankees batting - Pitching for St. Louis Cardinals : RHP Scott Erickson
|
|
Batting: RHB Mike Gallego
|
0-0: Foul Ball, location: 2F 0-1: Called Strike 0-2: Ball 1-2: Foul Ball, location: 2F 1-2: Ground out 6-3 (Groundball, 6, EV 91.9 MPH)
|
|
Batting: RHB Orlando Cabrera
|
0-0: Called Strike 0-1: Ground out 6-3 (Groundball, 6S, EV 80.6 MPH)
|
|
Batting: LHB Bobby Abreu
|
0-0: Called Strike 0-1: Ball 1-1: Ball 2-1: Ball 3-1: Called Strike 3-2: Base on Balls
|
|
Batting: RHB Mike Lieberthal
|
0-0: Foul Ball, location: 2F 0-1: Foul Ball, location: 2F 0-2: Fielders Choice at 2nd, 5-4 (Groundball, 56, EV 77.5 MPH)
|
| Bottom of the 5th over - 0 runs, 0 hits, 0 errors, 1 left on base; St. Louis 3 - New York 1 |
| TOP OF THE 6TH |
|
St. Louis Cardinals batting - Pitching for New York Yankees : RHP Brian Moehler
|
|
Batting: RHB John Valentin
|
0-0: Swinging Strike 0-1: Ball 1-1: Ball 2-1: Foul Ball, location: 2F 2-2: Fly out, F8 (Flyball, 8LD, EV 96.3 MPH)
|
|
Pitching: LHP Bryan Eversgerd
|
|
|
Batting: SHB Stan Javier
|
0-0: SINGLE (Groundball, 6MD, EV 98.8 MPH)
|
|
Batting: RHB Royce Clayton
|
0-0: Called Strike 0-1: Ball 1-1: Ball 2-1: Foul Ball, location: 2F 2-2: SINGLE (Groundball, 6D, EV 108.1 MPH) Stan Javier to second Runner from 2nd tries for 3rd, SAFE, throw by CF made to third
|
|
Batting: RHB Damian Miller
|
0-0: Called Strike 0-1: Fly out, F4 (Line Drive, 4, EV 75.0 MPH)
|
|
Batting: LHB Steve Finley
|
0-0: Ground out 4-3 (Groundball, 4, EV 98.1 MPH)
|
| Top of the 6th over - 0 runs, 2 hits, 0 errors, 2 left on base; St. Louis 3 - New York 1 |
| BOTTOM OF THE 6TH |
|
New York Yankees batting - Pitching for St. Louis Cardinals : RHP Scott Erickson
|
|
Batting: RHB Kazuhiro Kiyohara
|
0-0: Called Strike 0-1: Ball 1-1: Called Strike 1-2: Ball 2-2: Ball 3-2: Fly out, F4 (Popup, 4S, EV 63.1 MPH)
|
|
Batting: RHB Phil B. Clark
|
0-0: Fly out, F8 (Flyball, 8LM, EV 96.3 MPH)
|
|
Batting: SHB Quinton McCracken
|
0-0: Ball 1-0: Swinging Strike 1-1: Swinging Strike 1-2: Ball 2-2: Strikes out swinging
|
| Bottom of the 6th over - 0 runs, 0 hits, 0 errors, 0 left on base; St. Louis 3 - New York 1 |
| TOP OF THE 7TH |
|
St. Louis Cardinals batting - Pitching for New York Yankees : LHP Bryan Eversgerd
|
|
Batting: RHB Jay Bell
|
0-0: Ball 1-0: Called Strike 1-1: Foul Ball, location: 2F 1-2: Ball 2-2: Ball 3-2: Foul Ball, location: 2F 3-2: Foul Ball, location: 2F 3-2: Base on Balls
|
|
Batting: LHB Brian S Giles
|
0-0: Ball 1-0: Foul Ball, location: 2F 1-1: Swinging Strike 1-2: Ground out 4-3 (Groundball, 34, EV 107.5 MPH) Jay Bell to second
|
|
Batting: RHB Ivan Calderon
|
0-0: Ball 1-0: Swinging Strike 1-1: Ball 2-1: Ball 3-1: Called Strike 3-2: Ground out 4-3 (Groundball, 4, EV 88.8 MPH) Jay Bell to third
|
|
Batting: LHB Karim Garcia
|
0-0: Foul Ball, location: 2F 0-1: Ball 1-1: Called Strike 1-2: Ball 2-2: Foul Ball, location: 2F 2-2: Foul Ball, location: 2F 2-2: Foul Ball, location: 2F 2-2: Foul Ball, location: 2F 2-2: Ball 3-2: Ground out 4-3 (Groundball, 34, EV 102.5 MPH)
|
| Top of the 7th over - 0 runs, 0 hits, 0 errors, 1 left on base; St. Louis 3 - New York 1 |
| BOTTOM OF THE 7TH |
|
New York Yankees batting - Pitching for St. Louis Cardinals : RHP Scott Erickson
|
|
Batting: RHB Ryan Thompson
|
0-0: Ball 1-0: Ball 2-0: Called Strike 2-1: Ball 3-1: Foul Ball, location: 2F 3-2: Strikes out swinging
|
|
Pitching: RHP Mariano Rivera
|
|
|
Batting: LHB Ed Giovanola
|
0-0: Ball 1-0: Ball 2-0: Foul Ball, location: 2F 2-1: Foul Ball, location: 2F 2-2: Ball 3-2: Foul Ball, location: 2F 3-2: Foul Ball, location: 2F 3-2: Base on Balls
|
|
Batting: RHB Mike Gallego
|
0-0: Called Strike Ed Giovanola steals 2nd base 0-1: Ball 1-1: Ball 2-1: Swinging Strike 2-2: Foul Ball, location: 2F 2-2: Ball 3-2: Foul Ball, location: 2F 3-2: Strikes out swinging
|
|
Batting: RHB Orlando Cabrera
|
0-0: Foul Ball, location: 2F 0-1: Ball 1-1: Ground out 4-3 (Groundball, 4M, EV 90.6 MPH)
|
| Bottom of the 7th over - 0 runs, 0 hits, 0 errors, 1 left on base; St. Louis 3 - New York 1 |
| TOP OF THE 8TH |
|
St. Louis Cardinals batting - Pitching for New York Yankees : LHP Bryan Eversgerd
|
|
Batting: RHB John Valentin
|
0-0: Ball 1-0: Called Strike 1-1: Ball 2-1: Fly out, F8 (Flyball, 8RM, EV 85.0 MPH)
|
|
Batting: SHB Stan Javier
|
0-0: Swinging Strike 0-1: Called Strike 0-2: Strikes out looking
|
|
Pitching: RHP Lee Smith
|
|
|
Batting: RHB Royce Clayton
|
0-0: Called Strike 0-1: SINGLE (Line Drive, 7S, EV 98.8 MPH)
|
|
Batting: RHB Damian Miller
|
0-0: Ball Royce Clayton is caught stealing 2nd base 2-4
|
| Top of the 8th over - 0 runs, 1 hit, 0 errors, 0 left on base; St. Louis 3 - New York 1 |
| BOTTOM OF THE 8TH |
|
New York Yankees batting - Pitching for St. Louis Cardinals : RHP Mariano Rivera
|
|
Batting: LHB Bobby Abreu
|
0-0: Ball 1-0: Ball 2-0: Ball 3-0: Base on Balls
|
|
Pitching: RHP Terry Mathews
|
|
|
Batting: RHB Mike Lieberthal
|
0-0: Ball 1-0: Foul Ball, location: 2F 1-1: DOUBLE (Groundball, 5L, EV 101.9 MPH) Bobby Abreu to third Runner from 3rd tries for Home, SAFE, no throw by LF
|
|
Batting: RHB Kazuhiro Kiyohara
|
0-0: Ball 1-0: Bunted foul 1-1: Ball 2-1: Bunt missed! 2-2: SINGLE (Groundball, 4MD, EV 101.3 MPH) Mike Lieberthal to third Runner from 3rd tries for Home, SAFE, throw by CF to home
|
|
Batting: RHB Phil B. Clark
|
0-0: Ball 1-0: Called Strike 1-1: Called Strike 1-2: Foul Ball, location: 2F 1-2: Ball 2-2: Foul Ball, location: 2F 2-2: Strikes out swinging
|
|
Pitching: RHP Steve Chitren
|
|
|
Batting: SHB Quinton McCracken
|
0-0: Bunt - Flyout to 2L! F2
|
|
Batting: RHB Ryan Thompson
|
0-0: Ball 1-0: Foul Ball, location: 2F 1-1: Swinging Strike 1-2: Strikes out swinging
|
| Bottom of the 8th over - 2 runs, 2 hits, 0 errors, 1 left on base; St. Louis 3 - New York 3 |
| TOP OF THE 9TH |
|
St. Louis Cardinals batting - Pitching for New York Yankees : RHP Lee Smith
|
|
Pinch Hitting: LHB Troy Neel
|
0-0: Ball 1-0: Ball 2-0: Called Strike 2-1: Ball 3-1: Base on Balls
|
|
Batting: LHB Steve Finley
|
0-0: Ball 1-0: Ball 2-0: Ball 3-0: Base on Balls Troy Neel to second
|
|
Batting: RHB Jay Bell
|
0-0: Bunt missed! 0-1: Sac Bunt to 2R - play at first, batter OUT! 2-4 Troy Neel to third Steve Finley to second
|
|
Batting: LHB Brian S Giles
|
0-0: Intentional Walk
|
|
Batting: RHB Ivan Calderon
|
0-0: Ball 1-0: Ball 2-0: SINGLE (Flyball, 9LS, EV 83.8 MPH) Troy Neel scores Steve Finley to third Brian S Giles to second Runner from 3rd tries for Home, SAFE, no throw by RF
|
|
Pitching: RHP Mike Henneman
|
|
|
Batting: LHB Karim Garcia
|
0-0: Fly out, F8 (Line Drive, 8LM, EV 99.4 MPH)
|
|
Batting: RHB John Valentin
|
0-0: Ball 1-0: Fly out, F7 (Flyball, 7LMF, EV 78.8 MPH)
|
| Top of the 9th over - 2 runs, 1 hit, 0 errors, 2 left on base; St. Louis 5 - New York 3 |
| BOTTOM OF THE 9TH |
|
New York Yankees batting - Pitching for St. Louis Cardinals : RHP Steve Chitren
|
|
Now at C: Dan Wilson
|
|
|
Batting: LHB Ed Giovanola
|
0-0: Ball 1-0: Called Strike 1-1: Swinging Strike 1-2: DOUBLE (Line Drive, 7LM, EV 111.9 MPH)
|
|
Pinch Hitting: RHB Travis Fryman
|
0-0: Called Strike 0-1: Foul Ball, location: 2F 0-2: Ball 1-2: Foul Ball, location: 2F 1-2: Strikes out swinging
|
|
Batting: RHB Orlando Cabrera
|
0-0: Called Strike 0-1: Ball 1-1: Ball 2-1: Swinging Strike 2-2: Foul Ball, location: 2F 2-2: Ball 3-2: Foul Ball, location: 2F 3-2: Base on Balls
|
|
Batting: LHB Bobby Abreu
|
0-0: Foul Ball, location: 2F 0-1: Called Strike 0-2: Strikes out swinging
|
|
Batting: RHB Mike Lieberthal
|
0-0: Ball 1-0: Foul Ball, location: 2F 1-1: Swinging Strike 1-2: Strikes out swinging
|
| Bottom of the 9th over - 0 runs, 1 hit, 0 errors, 2 left on base; St. Louis 5 - New York 3 |
|